 Dungeon Crawl Stone Soup version 0.30-a0-141-g30f27751c5 (webtiles) character file.

Game seed: 3270033262489045992

1150 qw the Cleaver (level 8, -4/50 HPs)
             Began as a Gargoyle Fighter on Sept 25, 2022.
             Was an Initiate of Okawaru.
             Splashed by a jelly's acid (9 damage)
             ... on level 5 of the Dungeon.
             The game lasted 00:01:57 (4950 turns).

qw the Cleaver (Gargoyle Fighter)                   Turns: 4950, Time: 00:01:57

Health: -4/50      AC: 11    Str: 22    XL:     8   Next: 38%
Magic:  8/8        EV:  7    Int:  9    God:    Okawaru [......]
Gold:   205        SH:  4    Dex:  9    Spells: 7/7 levels left

rFire   . . .      SeeInvis .    Y - +1 war axe
rCold   . . .      Faith    .    c - +0 buckler
rNeg    + . .      Spirit   .    l - +0 chain mail
rPois   inf        Reflect  .    (no helmet)
rElec   +          Harm     .    (no cloak)
rCorr   .          Rampage  .    k - +0 pair of gloves
Will    .....                    (no boots)
Stlth   ..........               (no amulet)
HPRegen 0.16/turn                (no ring)
MPRegen 0.11/turn                (no ring)

@: about to teleport, corroded
A: sickness immunity, AC +5, negative energy resistance 1, electricity
resistance, torment resistance 1, petrification resistance
a: Renounce Religion


You were on level 5 of the Dungeon.
You worshipped Okawaru.
Okawaru was noncommittal.
You visited 2 branches of the dungeon, and saw 6 of its levels.

You collected 205 gold pieces.


Innate Abilities, Weirdness & Mutations

You are immune to sickness and miasma.
Your stone body is resilient. (AC +5)
You are immune to poison.
You resist negative energy. (rN+)
You are resistant to electric shocks. (rElec)
You are resistant to unholy torment.
You are immune to petrification.


   Skills:
 + Level 5.4 Fighting
 - Level 8.0 Axes
 - Level 3.2 Armour
 - Level 1.6 Dodging
 - Level 3.2 Shields


You had 7 spell levels left.
You didn't know any spells.
Your spell library was empty.

Inventory:

Hand Weapons
 f - a +0 flail
 Y - a +1 war axe (weapon)
Armour
 c - a +0 buckler (worn)
 k - a +0 pair of gloves (worn)
 l - a +0 chain mail (worn)
Scrolls
 a - 2 scrolls of identify
Potions
 d - a potion of might
 e - 2 potions of heal wounds
 g - 5 potions of curing
 h - a potion of attraction
 i - a potion of haste

Dungeon Overview and Level Annotations

Branches:
Dungeon (5/15)             Temple (1/1) D:5

Altars:
Ashenzari
Cheibriados
Fedhas
Kikubaaqudgha
Okawaru
Ru
Uskayaw
Xom
Yredelemnul

Shops:
D:1 ?   D:3 :


Message History

An iguana comes into view.
You hit the gnoll.
The gnoll is heavily wounded.
You closely miss the howler monkey. The howler monkey closely misses you.
The gnoll barely misses you.
You hit the gnoll.
The gnoll is severely wounded.
You completely miss the howler monkey. You slash the iguana!
The howler monkey barely misses you.
A white imp comes into view.
The iguana bites you but does no damage.
The gnoll hits you but does no damage.
You hit the gnoll.
You kill the gnoll!
Okawaru accepts your kill.
You closely miss the iguana. x2; You hit the howler monkey.
The howler monkey hits you. The iguana bites you! The iguana bites you.
The howler monkey hits you but does no damage.
You closely miss the iguana.
The iguana is heavily wounded.
You hit the iguana. You slash the howler monkey!
The howler monkey hits you but does no damage.
The iguana bites you but does no damage. x2
You hit the howler monkey.
You kill the howler monkey!
Okawaru accepts your kill.
You hit the iguana. You barely miss the iguana.
You hit the jelly but do no damage. The acid corrodes you!
Your hands burn!
You hit the white imp.
An ufetubus comes into view.
The white imp gestures at you. The puff of frost hits you.
The iguana bites you! The jelly closely misses you.
The iguana closely misses you.
4950 ||| READING scroll of teleportation.
As you read the scroll of teleportation, it crumbles to dust.
You feel strangely unstable. The white imp barely misses you.
The jelly jiggles.
The jelly hits you.
You are splashed with acid!
You die...

#>...... ##
#...# ##
#......# .#
#...# #.
##.....#
.##...##.
#.....+ .#...#.
#.....# '...'
###...# #...#
#.... #5l.#
#...# #.@.#
###.# #l)J#
#...# .# #...#
#.### ..##...#
#.... ...#5..#
#.### .'...'.
#.# ...#...#...
#.#
....##...##....
#.# ...#
#....##..( #.#


You could see 2 iguanas, a jelly, a white imp and an ufetubus.

Vanquished Creatures
  Grinder (D:4)
  An ice beast (D:5)
  An ogre (D:5)
  A phantom (D:5)
  3 scorpions (D:4)
  A howler monkey (D:5)
  A jelly (D:4)
  A gnoll bouda (D:5)
  2 iguanas
  3 orc wizards (D:4)
  3 adders
  12 gnolls
  A river rat (D:4)
  A shadow imp (D:5)
  An ufetubus (D:5)
  7 worms
  4 dart slugs
  15 orcs
  4 ball pythons
  An endoplasm (D:4)
  3 giant cockroaches
  7 goblins
  6 hobgoblins
  11 jackals
  4 quokkas
  4 bats
  3 frilled lizards
  8 kobolds
  4 rats
114 creatures vanquished.

Notes
Turn   | Place    | Note
-------+----------+-------------------------------------------
     0 | D:1      | qw the Gargoyle Fighter began the quest for the Orb.
     0 | D:1      | Reached XP level 1. HP: 14/14 MP: 1/1
     0 | D:1      | 0 ||| qw: Version: 0.2-a-10-g399e6c4
     0 | D:1      | 0 ||| qw: Game counter: 308
     0 | D:1      | 0 ||| qw: Always use a shield: true
     0 | D:1      | 0 ||| qw: God list: Okawaru
     0 | D:1      | 0 ||| qw: Allow faded altars: false
     0 | D:1      | 0 ||| qw: Do Orc after D:15 true
     0 | D:1      | 0 ||| qw: Do second Lair branch before Depths: true
     0 | D:1      | 0 ||| qw: Lair rune preference: random
     0 | D:1      | 0 ||| qw: Plans: Normal, Zot:1-4, God:TSO, Crypt, Tomb,
                  | Pan, Slime:5, Hells, Abyss, Orb
     0 | D:1      | 0 ||| PLANNING D:1-11
    55 | D:1      | Reached skill level 2 in Axes
   131 | D:1      | Reached XP level 2. HP: 19/19 MP: 2/2
   441 | D:1      | Found Deff's Magic Scroll Emporium.
   555 | D:1      | 555 ||| SHOPLISTING scroll of identify (26 gold, have 9).
   637 | D:1      | 637 ||| Stepping ~*~*~tactically~*~*~ (stealth).
   641 | D:1      | Reached skill level 3 in Axes
   646 | D:1      | Reached XP level 3. HP: 18/23 MP: 3/3
   858 | D:1      | 858 ||| READING 3 scrolls labelled VEROFAOBIA.
   859 | D:1      | 859 ||| READING 2 scrolls of identify.
   859 | D:1      | 859 ||| IDENTIFYING viscous inky potion
  1130 | D:2      | Found a faded altar of an unknown god.
  1593 | D:2      | 1593 ||| READING scroll labelled PERIM UPNOUS.
  1596 | D:2      | 1596 ||| READING scroll labelled OTOG OPAUVAW.
  1597 | D:2      | 1597 ||| READING scroll labelled QIQEKA LORROBE.
  1698 | D:2      | 1698 ||| DRINKING 4 lumpy red potions.
  1708 | D:3      | 1708 ||| STAIRDANCE
  1805 | D:3      | Reached XP level 4. HP: 28/28 MP: 4/4
  1805 | D:3      | 1805 ||| DROPPING +0 club.
  1809 | D:3      | 1809 ||| Stepping ~*~*~tactically~*~*~ (hiding).
  1841 | D:3      | 1841 ||| Stepping ~*~*~tactically~*~*~ (stealth).
  1845 | D:3      | 1845 ||| Stepping ~*~*~tactically~*~*~ (stealth).
  2153 | D:3      | Reached skill level 4 in Axes
  2427 | D:3      | Found Jaebro Dayst's Book Emporium.
  2528 | D:3      | Found a snail-covered altar of Cheibriados.
  2621 | D:3      | 2621 ||| UPGRADING to +0 pair of gloves.
  2626 | D:3      | 2626 ||| READING 2 scrolls of identify.
  2626 | D:3      | 2626 ||| IDENTIFYING yellow potion
  2627 | D:3      | 2627 ||| DROPPING potion of brilliance.
  2653 | D:4      | 2653 ||| PLANNING SEWER
  2653 | D:4      | 2653 ||| STAIRDANCE
  2658 | D:4      | 2658 ||| STAIRDANCE
  2784 | D:4      | 2784 ||| STAIRDANCE
  2907 | D:4      | 2907 ||| STAIRDANCE
  2927 | D:4      | HP: 5/28 [frozen (5)]
  2928 | D:4      | 2928 ||| READING scroll of teleportation.
  2929 | D:4      | 2929 ||| DRINKING 3 potions of heal wounds.
  2938 | D:4      | Reached XP level 5. HP: 25/32 MP: 5/5
  3023 | D:4      | 3023 ||| Stepping ~*~*~tactically~*~*~ (stealth).
  3028 | D:4      | 3028 ||| Stepping ~*~*~tactically~*~*~ (stealth).
  3211 | D:4      | Noticed Grinder
  3212 | D:4      | 3212 ||| Stepping ~*~*~tactically~*~*~ (hiding).
  3224 | D:4      | Killed Grinder
  3225 | D:4      | Reached skill level 6 in Axes
  3225 | D:4      | Reached XP level 6. HP: 26/37 MP: 6/6
  3369 | D:4      | Found a hide-covered altar of Uskayaw.
  3375 | D:4      | 3375 ||| RIP SEWER
  3376 | D:4      | 3376 ||| PLANNING D:1-11
  3765 | D:4      | Reached skill level 1 in Dodging
  3765 | D:4      | Reached XP level 7. HP: 43/43 MP: 7/7
  3791 | D:4      | HP: 10/43 [orc/+0 war axe (3)]
  3792 | D:4      | 3792 ||| DRINKING 2 potions of heal wounds.
  3867 | D:4      | 3867 ||| Stepping ~*~*~tactically~*~*~ (stealth).
  3868 | D:4      | 3868 ||| Stepping ~*~*~tactically~*~*~ (stealth).
  3903 | D:4      | 3903 ||| DROPPING +0 hand axe of freezing.
  3986 | D:4      | 3986 ||| FLEEEEING.
  3987 | D:4      | 3987 ||| FLEEEEING.
  3988 | D:4      | 3988 ||| FLEEEEING.
  3989 | D:4      | 3989 ||| FLEEEEING.
  3990 | D:4      | 3990 ||| FLEEEEING.
  3991 | D:4      | 3991 ||| FLEEEEING.
  3992 | D:4      | 3992 ||| FLEEEEING.
  3993 | D:4      | 3993 ||| FLEEEEING.
  3994 | D:4      | 3994 ||| FLEEEEING.
  3995 | D:4      | 3995 ||| FLEEEEING.
  3996 | D:4      | 3996 ||| FLEEEEING.
  3997 | D:4      | 3997 ||| FLEEEEING.
  3998 | D:4      | 3998 ||| FLEEEEING.
  3999 | D:4      | 3999 ||| FLEEEEING.
  4000 | D:4      | 4000 ||| FLEEEEING.
  4001 | D:4      | 4001 ||| FLEEEEING.
  4002 | D:4      | 4002 ||| FLEEEEING.
  4003 | D:4      | 4003 ||| FLEEEEING.
  4004 | D:4      | 4004 ||| FLEEEEING.
  4005 | D:4      | 4005 ||| FLEEEEING.
  4012 | D:4      | 4012 ||| FLEEEEING.
  4014 | D:4      | 4014 ||| DRINKING 5 potions of curing.
  4014 | D:4      | 4014 ||| (to cure confusion)
  4018 | D:4      | Reached skill level 7 in Axes
  4091 | D:4      | 4091 ||| Stepping ~*~*~tactically~*~*~ (stealth).
  4093 | D:4      | 4093 ||| Stepping ~*~*~tactically~*~*~ (stealth).
  4094 | D:4      | 4094 ||| Stepping ~*~*~tactically~*~*~ (stealth).
  4199 | D:4      | 4199 ||| Stepping ~*~*~tactically~*~*~ (stealth).
  4200 | D:4      | 4200 ||| Stepping ~*~*~tactically~*~*~ (stealth).
  4220 | D:4      | Found an ancient bone altar of Kikubaaqudgha.
  4298 | D:4      | 4298 ||| UPGRADING to +0 chain mail.
  4308 | D:4      | 4308 ||| DROPPING +0 scale mail.
  4309 | D:4      | 4309 ||| READING scroll labelled MEQ WEGGAGOOTZ.
  4310 | D:4      | 4310 ||| READING 5 scrolls of identify.
  4310 | D:4      | 4310 ||| IDENTIFYING puce potion
  4311 | D:4      | 4311 ||| READING 4 scrolls of identify.
  4311 | D:4      | 4311 ||| IDENTIFYING fuming amethyst potion
  4312 | D:4      | 4312 ||| READING 3 scrolls of identify.
  4312 | D:4      | 4312 ||| IDENTIFYING metallic puce potion
  4313 | D:4      | 4313 ||| DROPPING potion of degeneration.
  4330 | D:5      | Entered Level 5 of the Dungeon
  4456 | D:5      | Found a staircase to the Ecumenical Temple.
  4457 | D:5      | 4457 ||| PLANNING TEMPLE
  4457 | D:5      | 4457 ||| FLEEEEING.
  4458 | D:5      | 4458 ||| FLEEEEING.
  4461 | D:5      | 4461 ||| FLEEEEING.
  4462 | D:5      | 4462 ||| STAIRDANCE
  4466 | D:5      | 4466 ||| STAIRDANCE
  4472 | D:5      | 4472 ||| STAIRDANCE
  4489 | Temple   | Entered the Ecumenical Temple
  4495 | Temple   | 4495 ||| PLANNING OKAWARU WORSHIP
  4613 | Temple   | Became a worshipper of Warmaster Okawaru
  4614 | Temple   | 4614 ||| PLANNING D:1-11
  4635 | D:5      | 4635 ||| Stepping ~*~*~tactically~*~*~ (stealth).
  4636 | D:5      | 4636 ||| Stepping ~*~*~tactically~*~*~ (stealth).
  4665 | D:5      | Reached XP level 8. HP: 41/49 MP: 8/8
  4728 | D:5      | 4728 ||| Stepping ~*~*~tactically~*~*~ (hiding).
  4896 | D:5      | 4896 ||| Stepping ~*~*~tactically~*~*~ (stealth).
  4897 | D:5      | 4897 ||| Stepping ~*~*~tactically~*~*~ (stealth).
  4905 | D:5      | 4905 ||| Stepping ~*~*~tactically~*~*~ (stealth).
  4911 | D:5      | 4911 ||| Stepping ~*~*~tactically~*~*~ (stealth).
  4915 | D:5      | 4915 ||| Stepping ~*~*~tactically~*~*~ (stealth).
  4917 | D:5      | 4917 ||| Stepping ~*~*~tactically~*~*~ (stealth).
  4918 | D:5      | 4918 ||| Stepping ~*~*~tactically~*~*~ (stealth).
  4920 | D:5      | Reached skill level 8 in Axes
  4949 | D:5      | HP: 7/49 [iguana (8)]
  4950 | D:5      | 4950 ||| READING scroll of teleportation.
  4950 | D:5      | Splashed by a jelly's acid

Levels and vault maps discovered:
D:1:      wheals_arrival_linesprint, layout_basic, serial_shops,
          nicolae_shop_waterfront
D:2:      layout_basic, shapermc_ecumenical_altar_starsandcircs
D:3:      layout_basic, chei_slow_surprise, serial_shops, shop,
          nicolae_kite_square_tiling_tiny
D:4:      kennysheep_spiral_hall, layout_rooms, nicolae_overflow_crystal_walls,
          nicolae_uskayaw_murder_on_the_dancefloor, lightli_sewer_entry_pipes,
          uniq_grinder
D:5:      kennysheep_six_static_rooms, layout_basic,
          mainiacjoe_overflow_tiny_flanked, elyvilon_altar_5,
          minmay_temple_entry_overgrown, uniq_duvessa
Temple:   nicolae_temple_superstar

Skill      XL: |  1  2  3  4  5  6  7  8 |
---------------+-------------------------+-----
Axes           | 2 3 4 6 7 8 |  8.0
Fighting       | 4 5 |  5.4
Dodging        | 1 |  1.6
Armour         | |  3.2
Shields        | |  3.2

Action                   |  1- 3 |  4- 6 |  7- 9 || total
-------------------------+-------+-------+-------++-------
Melee: War axe           |    86 |   160 |   133 ||   379
Throw: Boomerang         |       |       |    14 ||    14
  Use: Scroll            |     5 |     2 |     5 ||    12
       Potion            |     1 |     1 |     2 ||     4
Armor: Scale mail        |    28 |    88 |    52 ||   168
       Chain mail        |       |       |    52 ||    52
Dodge: Dodged            |    43 |    59 |    59 ||   161
Block: Buckler           |    17 |    27 |    18 ||    62

Table legend:
 A = Non-vault XP
 B = Vault XP
 C = Vault XP percentage of total XP
 D = Non-vault monster count
 E = Vault monster count
 F = Vault count percentage of total count
                 A         B        C        D         E       F
            +---------+---------+-------+---------+---------+-------
      Total |    1148 |     496 |  30.2 |     102 |      12 |  10.5
            +---------+---------+-------+---------+---------+-------
        D:1 |      35 |       0 |   0.0 |      18 |       0 |   0.0
        D:2 |      26 |       0 |   0.0 |      16 |       0 |   0.0
        D:3 |      87 |       0 |   0.0 |      21 |       0 |   0.0
        D:4 |     366 |     496 |  57.5 |      30 |      12 |  28.6
        D:5 |     634 |       0 |   0.0 |      17 |       0 |   0.0
            +---------+---------+-------+---------+---------+-------
